 Dungeon Crawl Stone Soup version 0.21-a0-401-g0b6bec4 (webtiles) character file.

22010 kae the Thaumaturge (level 12, -1/71 HPs)
             Began as a Gargoyle Earth Elementalist on Oct 25, 2017.
             Was a Priest of Vehumet.
             Slain by a six-headed hydra (8 damage)
             ... on level 3 of the Lair of Beasts.
             The game lasted 00:21:24 (18491 turns).

kae the Thaumaturge (Gargoyle Earth Elementalist)  Turns: 18491, Time: 00:21:25

Health: -1/71      AC: 16    Str: 15    XL:     12   Next: 96%
Magic:  23/36      EV: 14    Int: 21    God:    Vehumet [***...]
Gold:   705        SH: 11    Dex: 14    Spells: 21/33 levels left

rFire    . . .     SeeInvis .   L - staff of energy
rCold    . . .     Gourm    .   k - +1 buckler
rNeg     + . .     Faith    .   X - +1 robe of Udiamink {*Corrode Str+3 Dex+4}
rPois    ∞         Spirit   .   G - +1 helmet
rElec    +         Reflect  +   (no cloak)
rCorr    .         Harm     .   a - +0 pair of gloves
MR       .....                  V - +0 pair of boots
Stlth    ++........             j - +4 amulet of reflection
HPRegen  0.21/turn              (no ring)
MPRegen  0.25/turn              x - ring of magical power

@: no status effects
A: negative energy resistance 1, electricity resistance, unbreathing,
petrification resistance, rot immunity, AC +8
a: Renounce Religion


You were on level 3 of the Lair of Beasts.
You worshipped Vehumet.
Vehumet was most pleased with you.
You were hungry.

You visited 3 branches of the dungeon, and saw 16 of its levels.

You collected 926 gold pieces.
You spent 221 gold pieces at shops.

Inventory:

Hand Weapons
 f - a +1 dagger
 R - a +0 quarterstaff
Missiles
 b - 230 stones (quivered)
Armour
 a - a +0 pair of gloves (worn)
 c - a +0 robe
 k - a +1 buckler (worn)
 G - a +1 helmet (worn)
 V - a +0 pair of boots (worn)
 X - the +1 robe of Udiamink (worn) {*Corrode Str+3 Dex+4}
   (You found it on level 1 of the Lair of Beasts)

   It affects your strength (+3).
   It affects your dexterity (+4).
   It may corrode you when you take damage.
Magical Staves
 L - an uncursed staff of energy (weapon)
 U - an uncursed staff of death
Jewellery
 j - a +4 amulet of reflection (around neck)
 p - an uncursed ring of stealth
 x - a ring of magical power (right hand)
 B - the ring of Vimn {*Tele +Fly rF- Str+5 Stlth+}
   (You bought it in a shop on level 5 of the Dungeon)

   [ring of teleportation]

   It may teleport you next to monsters.
   It affects your strength (+5).
   It makes you vulnerable to fire.
   It lets you fly.
   It makes you more stealthy.
 W - an uncursed ring of protection from fire {unknown}
Wands
 i - a wand of flame (29/48)
 y - a wand of iceblast (15/15)
 z - a wand of acid (9/15)
 D - a wand of confusion (23/48)
 K - a wand of random effects (20/48)
 M - a wand of disintegration (9/24)
 T - a wand of paralysis (12/24)
Scrolls
 n - 4 scrolls of enchant weapon
 v - 7 scrolls of magic mapping
 A - 5 scrolls of identify
 O - 3 scrolls of fog
 S - 2 scrolls of blinking
 Y - 2 scrolls of amnesia
 Z - 2 scrolls of recharging
Potions
 m - 3 potions of might
 q - 8 potions of curing
 r - 3 potions of berserk rage
 s - 3 potions of magic
 t - 3 potions of mutation
 u - a potion of heal wounds
 w - 2 potions of cancellation
 J - 3 potions of haste
 N - a potion of flight
Books
 e - a book of Geomancy

   Spells                             Type                      Level
   a - Sandblast                      Earth                        1
   b - Passwall                       Transmutation/Earth          2
   c - Stone Arrow                    Conjuration/Earth            3
   d - Petrify                        Transmutation/Earth          4
   e - Lee's Rapid Deconstruction     Earth                        5
 l - a book of Alchemy

   Spells                             Type                      Level
   a - Sublimation of Blood           Necromancy                   2
   b - Ignite Poison                  Fire/Transmutation/Poison    3
   c - Petrify                        Transmutation/Earth          4
   d - Alistair's Intoxication        Transmutation/Poison         5
   e - Irradiate                      Conjuration/Transmutation    5
 C - a book of Conjurations

   Spells                             Type                      Level
   a - Magic Dart                     Conjuration                  1
   b - Searing Ray                    Conjuration                  2
   c - Dazzling Spray                 Conjuration/Hexes            3
   d - Fulminant Prism                Conjuration/Hexes            4
   e - Force Lance                    Conjuration/Translocation    4
   f - Iskenderun's Mystic Blast      Conjuration                  4
 F - a book of Necromancy

   Spells                             Type                      Level
   a - Pain                           Necromancy                   1
   b - Animate Skeleton               Necromancy                   1
   c - Vampiric Draining              Necromancy                   3
   d - Regeneration                   Charms/Necromancy            3
   e - Animate Dead                   Necromancy                   4
   f - Control Undead                 Necromancy                   4
 H - a book of Debilitation

   Spells                             Type                      Level
   a - Corona                         Hexes                        1
   b - Slow                           Hexes                        2
   c - Inner Flame                    Hexes/Fire                   3
   d - Portal Projectile              Hexes/Translocation          3
   e - Cause Fear                     Hexes                        4
   f - Leda's Liquefaction            Hexes/Earth                  4
 P - a Young Poisoner's Handbook

   Spells                             Type                      Level
   a - Sting                          Conjuration/Poison           1
   b - Poisonous Vapours              Poison/Air                   2
   c - Mephitic Cloud                 Conjuration/Poison/Air       3
   d - Olgreb's Toxic Radiance        Poison                       4
   e - Venom Bolt                     Conjuration/Poison           5
 Q - a book of Maledictions

   Spells                             Type                      Level
   a - Corona                         Hexes                        1
   b - Ensorcelled Hibernation        Hexes/Ice                    2
   c - Confuse                        Hexes                        3
   d - Tukima's Dance                 Hexes                        3
   e - Dazzling Spray                 Conjuration/Hexes            3
Comestibles
 d - 11 bread rations
 g - 17 fruits
 o - 9 meat rations
 I - 11 royal jellies


   Skills:
 - Level 6.4 Fighting
 + Level 3.9 Staves
 + Level 4.5 Armour
 + Level 3.8 Dodging
 - Level 2.1 Stealth
 - Level 8.4 Shields
 + Level 11.3 Spellcasting
 + Level 9.6 Conjurations
   Level 0.7 Transmutations
 + Level 11.1 Earth Magic
 + Level 3.6 Evocations


You had 21 spell levels left.
You knew the following spells:

 Your Spells              Type           Power        Failure   Level  Hunger
a - Sandblast             Erth           ######       1%          1    None
b - Stone Arrow           Conj/Erth      ######       1%          3    None
c - Lee's Rapid Deconstr  Erth           ######....   1%          5    None
d - Conjure Flame         Conj/Fire      ####....     1%          3    None


Dungeon Overview and Level Annotations

Branches:
Dungeon (11/15)            Temple (1/1) D:5            Lair (4/6) D:11
 Shoals (0/4) Lair:2       Spider (0/4) Lair:2          Orc (0/2) D:9

Altars:
Ashenzari
Cheibriados
Dithmenos
Elyvilon
Fedhas
Gozag
Hepliaklqana
Kikubaaqudgha
Makhleb
Nemelex Xobeh
Okawaru
Qazlal
Ru
Sif Muna
Trog
Uskayaw
Vehumet
Wu Jian
Xom
Yredelemnul
Zin
The Shining One
Beogh

Shops:
D:5 *

Annotations:
D:11 Gastronok


Innate Abilities, Weirdness & Mutations

You are resistant to torment.
Your stone body is resilient. (AC +8)
You are immune to poison.
You resist negative energy. (rN+)
You are resistant to electric shocks. (rElec)
You can survive without breathing.
You are immune to petrification.
You are immune to rotting.


Message History

The six-headed hydra bites you but does no damage.
The six-headed hydra completely misses you.
Casting: Stone Arrow
Confirm with . or Enter, or press ? or * to list all spells.
Aiming: Sandblast
Press: ? - help, Shift-Dir - straight line, f/p - six-headed hydra
Aim: a six-headed hydra (heavily wounded)
The blast of sand hits the six-headed hydra.
The six-headed hydra is almost dead.
b - 230 stones The six-headed hydra bites you but does no damage.
The six-headed hydra bites you.
* * * LOW HITPOINT WARNING * * *
The six-headed hydra bites you!
* * * LOW HITPOINT WARNING * * *
The six-headed hydra bites you but does no damage.
The six-headed hydra bites you.
* * * LOW HITPOINT WARNING * * *
The six-headed hydra bites you!
You die...

#.....###..............##....
##.....##..............>...##.
#.#.P.##.................#....
####P...........)...#.P....#..
#.....(..P......###P..P.....
##......#.....#.# #P.###....
###.#...........#.####.##..###
#.......(##...#.#.P#...##...##
###............@...............?
##.....#.....<..D.<..P........##.
#<...#........##...#........####.
.###........##.#.....#####.## #P.
## ##.........#......P##....# ##.
#........##.....#.P#.....####.
##......####....#.......##.###
#.#P...# ###P.#.......##....
###.P### ##........##....#


You could see a six-headed hydra.

Vanquished Creatures
  4 hydras
  A two-headed ogre (D:9)
  Nergalle (D:10)
  An ugly thing (D:11)
  A manticore (D:11)
  A cyclops (D:11)
  A merfolk siren (Lair:2)
  A black mamba (Lair:2)
  3 spiny frogs
  2 komodo dragons
  A troll (D:7)
  A polar bear (Lair:3)
  A merfolk (Lair:2)
  A slime creature (D:11)
  10 blink frogs
  3 hippogriffs
  A shadow (D:11)
  A wyvern (Lair:2)
  8 yaks
  A basilisk (Lair:3)
  3 water moccasins
  5 porcupines
  A necrophage (D:9)
  4 sky beasts
  3 eyes of draining (D:7)
  2 phantoms
  3 black bears
  7 wolves
  7 ogres
  3 crocodiles
  4 centaurs
  3 big kobolds
  The ghost of Ijustatesigmund the Grasshopper, an amateur SpWr (D:3)
  10 bullfrogs
  A gnoll sergeant (D:6)
  A wyvern zombie (D:6)
  A wyvern skeleton (D:7)
  A water moccasin skeleton (D:7)
  2 scorpions
  10 killer bees
  An electric eel (Lair:2)
  2 wights (D:11)
  2 howler monkeys (D:7)
  A crimson imp (D:10)
  2 bullfrog skeletons
  2 bullfrog zombies
  6 jellies
  4 orc priests
  3 hounds
  2 centaur skeletons (D:6)
  7 iguanas
  3 orc wizards
  5 worker ants
  Terence (D:2)
  A hound zombie (D:5)
  2 howler monkey skeletons
  9 gnolls
  9 adders
  A shadow imp (D:6)
  8 oozes
  2 adder skeletons
  9 worms
  4 dart slugs
  4 leopard geckos
  21 orcs
  6 giant cockroaches
  2 gnoll zombies (D:2)
  14 goblins
  7 hobgoblins
  4 jackals
  23 kobolds
  3 quokkas
  A ball python (D:1)
  7 bats
  3 frilled lizards
  7 rats
304 creatures vanquished.

Vanquished Creatures (collateral kills)
  An electric eel (Lair:2)
1 creature vanquished.

Vanquished Creatures (others)
  A centaur (D:6)
  2 fungi (Lair:3)
  2 plants (D:11)
5 creatures vanquished.

Grand Total: 310 creatures vanquished

Notes
Turn   | Place    | Note
-------+----------+-------------------------------------------
     0 | D:1      | kae the Gargoyle Earth Elementalist began the quest for the Orb.
     0 | D:1      | Reached XP level 1. HP: 10/10 MP: 3/3
   467 | D:1      | Reached XP level 2. HP: 15/15 MP: 5/5
  1236 | D:2      | Reached XP level 3. HP: 19/19 MP: 6/6
  1241 | D:2      | Learned a level 3 spell: Stone Arrow
  1302 | D:2      | Reached skill level 1 in Shields
  1550 | D:2      | Noticed Terence
  1569 | D:2      | Killed Terence
  1796 | D:2      | Reached XP level 4. HP: 23/24 MP: 0/8
  1836 | D:2      | Reached skill level 1 in Conjurations
  2428 | D:2      | Found a blossoming altar of Fedhas.
  2623 | D:2      | Found a basalt altar of Yredelemnul.
  3006 | D:2      | Reached XP level 5. HP: 9/28 MP: 6/9
  3292 | D:3      | Noticed Ijustatesigmund's ghost (amateur SpWr)
  4053 | D:4      | Found an opulent altar of Gozag.
  4120 | D:4      | Found a shattered altar of Ashenzari.
  4126 | D:4      | Found a shadowy altar of Dithmenos.
  4127 | D:4      | Found a glowing silver altar of Zin.
  4127 | D:4      | Found a snail-covered altar of Cheibriados.
  4452 | D:3      | Killed Ijustatesigmund's ghost
  4452 | D:3      | Reached skill level 5 in Earth Magic
  4452 | D:3      | Reached XP level 6. HP: 32/32 MP: 6/11
  5263 | D:5      | Entered Level 5 of the Dungeon
  5270 | D:5      | Noticed a sky beast
  5374 | D:4      | Killed a sky beast
  5374 | D:4      | Reached XP level 7. HP: 20/36 MP: 4/12
  5567 | D:5      | Found a staircase to the Ecumenical Temple.
  5582 | Temple   | Entered the Ecumenical Temple
  6316 | D:5      | Found Afuahin's Assorted Antiques.
  6339 | D:5      | Bought a translucent copper ring for 140 gold pieces
  6339 | D:5      | Bought a fizzy golden potion for 25 gold pieces
  6339 | D:5      | Bought a scroll of identify for 56 gold pieces
  6731 | D:5      | Found an iron altar of Okawaru.
  6734 | D:5      | Found a radiant altar of Vehumet.
  6738 | D:5      | Became a worshipper of Vehumet
  6742 | D:5      | Found a hazy altar of Hepliaklqana.
  7020 | D:6      | Identified the ring of Vimn {*Tele +Fly rF- Str+5 Stlth+} (You bought it in a shop on level 5 of the Dungeon)
  7265 | D:6      | Reached XP level 8. HP: 36/41 MP: 0/14
  7772 | D:6      | Reached skill level 5 in Shields
  7783 | D:6      | Reached skill level 5 in Spellcasting
  7783 | D:6      | Reached skill level 5 in Conjurations
  8578 | D:7      | Reached * piety under Vehumet
  8578 | D:7      | Offered knowledge of Magic Dart by Vehumet.
  8815 | D:7      | Reached XP level 9. HP: 45/45 MP: 10/17
  9698 | D:7      | Noticed a troll
  9864 | D:7      | Killed a troll
 10029 | D:7      | Found a sparkling altar of Nemelex Xobeh.
 10082 | D:7      | Found a bloodstained altar of Trog.
 10399 | D:8      | Reached skill level 10 in Spellcasting
 10399 | D:8      | Reached XP level 10. HP: 61/61 MP: 15/24
 10628 | D:8      | Offered knowledge of Throw Flame by Vehumet.
 10713 | D:8      | Reached ** piety under Vehumet
 11335 | D:9      | Reached XP level 11. HP: 66/66 MP: 25/25
 11435 | D:9      | Noticed a two-headed ogre
 11447 | D:9      | Killed a two-headed ogre
 11980 | D:9      | Found a staircase to the Orcish Mines.
 11988 | D:9      | Found a roughly hewn altar of Beogh.
 12261 | D:10     | Entered Level 10 of the Dungeon
 12344 | D:10     | Noticed Nergalle
 12386 | D:10     | Noticed a spectral orc warlord
 13004 | D:10     | Offered knowledge of Ignite Poison by Vehumet.
 13392 | D:10     | Killed Nergalle
 13748 | D:11     | Noticed a manticore
 13755 | D:11     | Killed a manticore
 13808 | D:11     | Learned a level 5 spell: Lee's Rapid Deconstruction
 13953 | D:11     | Noticed a purple ugly thing
 13985 | D:11     | Killed a purple ugly thing
 13985 | D:11     | Reached skill level 10 in Earth Magic
 14173 | D:11     | Found a shimmering altar of Xom.
 14184 | D:11     | Reached *** piety under Vehumet
 14349 | D:11     | Noticed Gastronok
 14384 | D:11     | Noticed a cyclops
 14683 | D:11     | Reached skill level 1 in Armour
 14785 | D:11     | Killed a cyclops
 14785 | D:11     | Reached skill level 1 in Staves
 14785 | D:11     | Reached skill level 1 in Evocations
 14915 | D:11     | Found a staircase to the Lair.
 14982 | Lair:1   | Entered Level 1 of the Lair of Beasts
 15139 | Lair:1   | Offered knowledge of Conjure Flame by Vehumet.
 15358 | Lair:1   | Reached XP level 12. HP: 51/71 MP: 15/26
 15578 | Lair:1   | Noticed a six-headed hydra
 15585 | Lair:1   | Killed a six-headed hydra
 15753 | Lair:1   | Noticed a four-headed hydra
 15781 | Lair:1   | Killed a four-headed hydra
 16501 | Lair:1   | Got a shimmering robe
 16512 | Lair:1   | Identified the +1 robe of Udiamink {*Corrode Str+3 Dex+4} (You found it on level 1 of the Lair of Beasts)
 16789 | Lair:2   | Found a hole to the Spider Nest.
 17175 | Lair:2   | Found a staircase to the Shoals.
 17431 | Lair:3   | Noticed a six-headed hydra
 17438 | Lair:3   | Killed a six-headed hydra
 17446 | Lair:3   | Noticed a four-headed hydra
 17629 | Lair:3   | Killed a four-headed hydra
 17760 | Lair:3   | Reached **** piety under Vehumet
 17962 | Lair:3   | Learned a level 3 spell: Conjure Flame
 18478 | Lair:4   | Noticed a six-headed hydra
 18491 | Lair:3   | Slain by a six-headed hydra

Vault maps used:
D:1:      scummos_arrival_forest
D:2:      lemuel_zombie_altar_yredelemnul, nicolae_overflow_crystal_walls,
          first_bread, uniq_terence
D:4:      minmay_overflow_temple_star_hex
D:5:      grunt_temple_overflow_diamond, minmay_temple_entry_water_ring,
          serial_shops, nicolae_shop_crystal, serial_park_tiny_2
D:7:      wad_guarded_room, trog_eyes_of_draining, nemelex_dance_club_becter
D:9:      minmay_orc_entry_temple_small
D:10:     minmay_tree_intersection, uniq_nergalle
D:11:     david_lair_shrubbed, basic_altar, hangedman_little_slice_of_home,
          uniq_gastronok
Temple:   minmay_temple_curvy_loop
Lair:1:   grunt_megastairs_3
Lair:2:   elwin_shoals_entry_rooms, spider_nest_entry_webs,
          serial_bayou_shore_b, serial_bayou_shore_a
Lair:4:   serial_bayou_lagoon_a, minmay_lair_oklob_chamber,
          infiniplex_staircase_pool_2

Skill      XL: |  1  2  3  4  5  6  7  8  9 10 11 12 |
---------------+-------------------------------------+-----
Earth Magic    | 4 5 6 7 9 10 11 | 11.1
Shields        | 1 2 3 4 5 7 8 |  8.4
Conjurations   | 1 2 3 4 5 7 8 9 |  9.6
Spellcasting   | 3 4 5 10 11 | 11.3
Fighting       | 6 |  6.4
Armour         | 2 4 |  4.5
Staves         | 1 3 |  3.9
Evocations     | 1 3 |  3.6
Dodging        | 2 3 |  3.8
Stealth        | |  2.1
Transmutations | |  0.7

Action                   |  1- 3 |  4- 6 |  7- 9 | 10-12 || total
-------------------------+-------+-------+-------+-------++-------
Melee: Dagger            |    57 |   379 |   208 |    63 ||   707
       Unarmed           |     5 |       |       |       ||     5
       Staff             |       |       |       |    75 ||    75
 Cast: Sandblast         |    21 |    42 |    57 |    52 ||   172
       Stone Arrow       |       |    17 |    85 |   308 ||   410
Evoke: Staff of energy   |       |       |       |     1 ||     1
  Use: Scroll            |       |    12 |    11 |    10 ||    33
       Potion            |       |     1 |     2 |       ||     3
 Stab: Sleeping          |     4 |     8 |     9 |     1 ||    22
  Eat: Chunk             |     3 |    13 |    16 |    21 ||    53
       Royal jelly       |       |       |     2 |     1 ||     3
       Fruit             |       |       |       |     3 ||     3
Armor: Robe              |    17 |   144 |    86 |   125 ||   372
       Skin              |       |       |    15 |       ||    15
Dodge: Dodged            |    32 |   200 |   104 |   127 ||   463
Block: Buckler           |     6 |    70 |    98 |   151 ||   325
       Reflection        |       |       |     7 |     6 ||    13

Table legend:
 A = Spawn XP
 B = Non-spawn XP
 C = Spawn XP percentage of total XP
 D = Spawn monster count
 E = Non-spawn monster count
 F = Spawn count percentage of total count
 G = Total turns spent on level
                    A         B        C        D         E        F      G
               +---------+---------+-------+---------+---------+-------+---------
         Total |       0 |   27004 |   0.0 |       0 |     306 |   0.0 | 18491
               +---------+---------+-------+---------+---------+-------+---------
           D:1 |       0 |      29 |   0.0 |       0 |      14 |   0.0 |  1193
           D:2 |       0 |     140 |   0.0 |       0 |      44 |   0.0 |  2041
           D:3 |       0 |     142 |   0.0 |       0 |      19 |   0.0 |   850
           D:4 |       0 |     319 |   0.0 |       0 |      19 |   0.0 |  1415
           D:5 |       0 |     476 |   0.0 |       0 |      15 |   0.0 |  1258
           D:6 |       0 |     993 |   0.0 |       0 |      23 |   0.0 |  1489
           D:7 |       0 |    2410 |   0.0 |       0 |      37 |   0.0 |  1853
           D:8 |       0 |     236 |   0.0 |       0 |       5 |   0.0 |   965
           D:9 |       0 |    2126 |   0.0 |       0 |      26 |   0.0 |  1106
          D:10 |       0 |    2083 |   0.0 |       0 |      15 |   0.0 |  1406
          D:11 |       0 |    4232 |   0.0 |       0 |      35 |   0.0 |  1505
        Lair:1 |       0 |    4316 |   0.0 |       0 |      13 |   0.0 |  1179
        Lair:2 |       0 |    3965 |   0.0 |       0 |      20 |   0.0 |  1007
        Lair:3 |       0 |    5537 |   0.0 |       0 |      21 |   0.0 |   953
               +---------+---------+-------+---------+---------+-------+---------
